 Dungeon Crawl Stone Soup version 0.27.0-1-g7a089689b8 (webtiles) character file.

Game seed: 4189403753185611102

597 Smaepdii the Slasher (level 7, -1/61 HPs)
             Began as a Minotaur Fighter on Aug 2, 2021.
             Slain by an orc warrior (5 damage)
             ... on level 4 of the Dungeon.
             The game lasted 00:19:37 (3910 turns).

Smaepdii the Slasher (Minotaur Fighter)             Turns: 3910, Time: 00:19:37

Health: -1/61      AC: 18    Str: 21    XL:     7   Next: 17%
Magic:  6/6        EV:  2    Int: 11    God:
Gold:   40         SH:  0    Dex: 11    Spells: 6/6 levels left

rFire    . . .     SeeInvis .   a - +0 long sword
rCold    . . .     Faith    .   v - +0 tower shield
rNeg     . . .     Spirit   .   i - +0 plate armour
rPois    .         Reflect  .   (helmet restricted)
rElec    .         Harm     .   t - +2 cloak
rCorr    +         Rampage  .   e - +0 pair of gloves
Will     .....                  m - +0 pair of boots
Stlth    ..........             (no amulet)
HPRegen  0.20/turn              h - ring of resist corrosion
MPRegen  0.10/turn              l - +6 ring of intelligence

@: confused
A: horns 2, retaliatory headbutt
a: no special abilities


You were on level 4 of the Dungeon.
You visited 1 branch of the dungeon, and saw 4 of its levels.

You collected 184 gold pieces.
You spent 144 gold pieces at shops.

Inventory:

Hand Weapons
 a - a +0 long sword (weapon)
Armour
 e - a +0 pair of gloves (worn)
 i - a +0 plate armour (worn)
 m - a +0 pair of boots (worn)
 t - a +2 cloak (worn)
 v - a +0 tower shield (worn)
Jewellery
 h - a ring of resist corrosion (left hand)
 l - a +6 ring of intelligence (right hand)
 p - a +6 ring of strength
Wands
 q - a wand of polymorph (8) (quivered)
Scrolls
 b - 2 scrolls of vulnerability {unknown}
 g - a scroll of identify {unknown}
 n - a scroll of noise {unknown}
 o - a scroll of enchant armour {unknown}
 s - a scroll of teleportation {unknown}
 u - a scroll of amnesia {unknown}
Potions
 d - 2 potions of might
 f - a potion of brilliance {unknown}
 j - a potion of attraction {unknown}
 k - 5 potions of curing {unknown}
 r - a potion of haste {unknown}


   Skills:
 + Level 5.5 Fighting
 * Level 6.1 Long Blades
 + Level 5.5 Armour
 + Level 5.6 Shields


You had 6 spell levels left.
You didn't know any spells.
Your spell library was empty.

Dungeon Overview and Level Annotations

Branches:
Dungeon (4/15)
 Temple: D:4-7

Altars:
Dithmenos
Gozag
Trog

Shops:
D:1 *=([   D:2 [


Innate Abilities, Weirdness & Mutations

You have a pair of horns on your head.
You reflexively headbutt those who attack you in melee.


Message History

You block the orc warrior's attack.
You closely miss something.
You hear some strange, mumbled words.
A magic dart appears from out of thin air!
The magic dart hits you but does no damage.
The orc warrior hits you from afar with a +0 halberd!
Something hits you.
You closely miss something. Your headbutt misses something.
The orc warrior hits you from afar with a +0 halberd.
You block something's attack. You block the orc warrior's attack.
You hit something but do no damage. Something hits you but does no damage.
The orc warrior hits you from afar with a +0 halberd!
You block something's attack.
You miss something. You headbutt something. You block the orc warrior's attack.
You hear some strange, mumbled words.
You are confused.
The orc warrior hits you but does no damage.
You hear some strange, mumbled words.
You are more confused.
Things that are here:
a +0 club; 6 poisoned darts; a kobold corpse Something hits you but does no damage.
Things that are here:
a +0 falchion; a +0 ring mail
Things that are here:
a +0 club; 6 poisoned darts; a kobold corpse You are too confused!
You miss something.
You hear some strange, mumbled words.
Something tries to affect you, but you resist.
The orc warrior hits you from afar with a +0 halberd.
Something hits you.
The orc warrior hits you from afar with a +0 halberd!
* * * LOW HITPOINT WARNING * * *
You hear some strange, mumbled words.
A magic dart appears from out of thin air!
The magic dart hits you!
* * * LOW HITPOINT WARNING * * *
The orc warrior hits you with a +0 halberd.
You die...

######## #.......
################.##..(#
#
....#.......))..##...#
#.
...#.############...#
#..##.[#..†........
#....
#......#..#########
#.##. .(.>...#{)....#
#.##. o......o@..##.# #
#.##. ......###..#
##.#.### ..#.# #..#
#....... # ...#
#.....#.### ...#
......#.. ....
.......#### ......
........... ...#
#.####..### .. ..


You could see an orc warrior.

Vanquished Creatures
  An orc warrior (D:3)
  An ogre (D:3)
  A black bear (D:3)
  A necrophage (D:4)
  A jelly (D:4)
  Jessica (D:3)
  An iguana (D:4)
  4 adders
  A river rat (D:3)
  A worm (D:2)
  6 dart slugs
  7 orcs
  11 endoplasms
  6 giant cockroaches
  10 goblins
  6 hobgoblins
  4 jackals (D:1)
  2 quokkas (D:1)
  7 ball pythons
  8 bats
  4 frilled lizards
  5 kobolds
  11 rats
100 creatures vanquished.

Notes
Turn   | Place    | Note
-------+----------+-------------------------------------------
     0 | D:1      | Smaepdii the Minotaur Fighter began the quest for the Orb.
     0 | D:1      | Reached XP level 1. HP: 19/19 MP: 0/0
   152 | D:1      | Found Xomneig's Jewellery Shoppe.
   209 | D:1      | Reached XP level 2. HP: 27/27 MP: 1/1
   437 | D:1      | Found Fuproh's Armour Shoppe.
   674 | D:1      | Found Mixieni's Assorted Antiques.
   683 | D:1      | Reached skill level 3 in Long Blades
   683 | D:1      | Reached XP level 3. HP: 33/33 MP: 2/2
   733 | D:1      | Found Fajiureh's Weapon Shop.
  1101 | D:1      | Bought a +0 pair of boots for 45 gold pieces
  1159 | D:2      | Found Qagrehyr's Armour Boutique.
  1578 | D:2      | Reached XP level 4. HP: 37/40 MP: 3/3
  1838 | D:2      | Bought a +0 cloak for 54 gold pieces
  1996 | D:3      | Noticed Jessica
  2002 | D:3      | Killed Jessica
  2065 | D:3      | Found a shadowy altar of Dithmenos.
  2065 | D:3      | Found a bloodstained altar of Trog.
  2167 | D:3      | Found an opulent altar of Gozag.
  2241 | D:3      | Reached skill level 4 in Long Blades
  2284 | D:3      | Noticed an orc warrior
  2301 | D:3      | Killed an orc warrior
  2302 | D:3      | Reached XP level 5. HP: 23/47 MP: 4/4
  2538 | D:3      | Noticed a black bear
  2539 | D:3      | Noticed an ogre
  2542 | D:3      | Killed a black bear
  2543 | D:3      | Reached skill level 5 in Fighting
  2543 | D:3      | Reached skill level 5 in Long Blades
  2543 | D:3      | Reached skill level 5 in Armour
  2543 | D:3      | Reached skill level 5 in Shields
  2543 | D:3      | Reached XP level 6. HP: 52/56 MP: 5/5
  3130 | D:1      | Bought a +0 tower shield for 45 gold pieces
  3265 | D:4      | Noticed Eustachio
  3568 | D:4      | Noticed Eustachio
  3568 | D:4      | Eustachio changed into Eustachio the bat
  3570 | D:4      | Killed Eustachio the bat
  3850 | D:4      | Reached skill level 6 in Long Blades
  3850 | D:4      | Reached XP level 7. HP: 55/61 MP: 6/6
  3910 | D:4      | Slain by an orc warrior

Illustrated notes

Levels and vault maps discovered:
D:1:      minmay_arrival_semitransparent, layout_basic, serial_shops,
          nicolae_shop_trees, shop_fountains, nicolae_shop_trees, shop_statue,
          minmay_tetromino_l4
D:2:      layout_loops_ring, serial_shops, nicolae_shop_waterfront,
          minmay_cut_off
D:3:      layout_loops_ring, nicolae_gozag_seed_capital,
          mainiacjoe_overflow_divided_tiny, portal_sewer_entry_c,
          minmay_fractal_squares_gapless_5, uniq_jessica
D:4:      layout_basic, uniq_eustachio

Skill      XL: |  1  2  3  4  5  6 |
---------------+-------------------+-----
Armour         | 4 5 |  5.5
Fighting       | 4 5 |  5.5
Shields        | 4 5 |  5.6
Long Blades    | 3 4 5 6 |  6.1

Action                   |  1- 3 |  4- 6 |  7- 9 || total
-------------------------+-------+-------+-------++-------
Melee: Long sword        |   121 |   151 |    14 ||   286
       Headbutt          |    16 |    27 |     1 ||    44
Evoke: Wand              |       |     1 |       ||     1
Armor: Scale mail        |     8 |       |       ||     8
       Plate armour      |    58 |   130 |    10 ||   198
Dodge: Dodged            |    12 |    27 |       ||    39
Block: Kite shield       |    60 |    27 |       ||    87
       Tower shield      |       |   100 |     8 ||   108
       Rpst.: Long sword |     2 |     9 |       ||    11
